 Dungeon Sprint DCSS version 0.30-a0-172-gc5509c9e31 (webtiles) character file.

Game seed: 1470495156750684648

31891 mhtbhm the Metallomancer (level 13, -3/77 HPs)
             Began as a Gargoyle Earth Elementalist on Oct 1, 2022.
             Was the Champion of Vehumet.
             Blown up by a sun moth (36 damage)
             ... with a bolt of energy
             ... in the Dungeon (Sprint IX: "|||||||||||||||||||||||||||||").
             The game lasted 00:13:18 (6403 turns).

mhtbhm the Metallomancer (GrEE)                     Turns: 6403, Time: 00:13:18

Health: -3/77      AC: 16    Str: 13    XL:     13   Next: 61%
Magic:  10/36      EV: 18    Int: 20    God:    Vehumet [******]
Gold:   108        SH:  0    Dex: 10    Spells: 4/50 levels left

rFire   . . .      SeeInvis .    j - +2 morningstar (protect)
rCold   . . .      Faith    .    (no shield)
rNeg    + . .      Spirit   .    a - +0 robe
rPois   ∞          Reflect  .    w - +0 helmet
rElec   +          Harm     .    l - +0 cloak
rCorr   .          Rampage  .    k - +0 pair of gloves
Will    .....      NoTele   +    u - +1 pair of boots
Stlth   ++........               (no amulet)
HPRegen 0.32/turn                m - +2 ring of evasion
MPRegen 0.25/turn                n - +2 ring of evasion

@: glowing
A: sickness immunity, AC +9, negative energy resistance 1, electricity
resistance, torment resistance 1, petrification resistance
a: Renounce Religion


You were in the Dungeon.
You worshipped Vehumet.
Vehumet was exalted by your worship.
You visited 1 branch You collected 1912 gold pieces.
You spent 1804 gold pieces at shops.

Inventory:

Hand Weapons
 j - a +2 morningstar of protection (weapon)
Missiles
 v - 2 poisoned darts
 D - a javelin
Armour
 a - a +0 robe (worn)
 k - a +0 pair of gloves (worn)
 l - a +0 cloak (worn)
 u - a +1 pair of boots (worn)
 w - a +0 helmet (worn)
Jewellery
 m - a +2 ring of evasion (left hand)
 n - a +2 ring of evasion (right hand)
 z - a ring of fire
 A - a ring of ice
 B - a ring of protection from fire
 C - a ring of willpower
Wands
 i - a wand of quicksilver (2)
Scrolls
 g - 3 scrolls of blinking
 h - 2 scrolls of amnesia
 q - 3 scrolls of fear
 r - 4 scrolls of butterflies
 s - 2 scrolls of enchant weapon
 t - 2 scrolls of enchant armour
 y - a scroll of identify
Potions
 b - 3 potions of magic
 c - 7 potions of curing
 d - 4 potions of heal wounds
 e - 4 potions of haste
 f - a potion of invisibility
 o - 2 potions of brilliance
 p - 2 potions of might
Miscellaneous
 x - a phantom mirror (inert)


   Skills:
 + Level 7.6 Fighting
 + Level 1.3 Maces & Flails
 + Level 8.9 Dodging
 + Level 8.6 Stealth
 + Level 5.0 Unarmed Combat
 + Level 19.4 Spellcasting
 + Level 14.1 Conjurations
 + Level 3.6 Transmutations
 + Level 0.4 Ice Magic
 + Level 24.2 Earth Magic
 + Level 4.9 Evocations


You had 4 spell levels left.
You knew the following spells:

 Your Spells              Type           Power      Damage    Failure   Level
a - Sandblast             Erth           100%       2d20      0%          1
b - Passwall              Tmut/Erth      55%        N/A       0%          2
c - Stone Arrow           Conj/Erth      100%       3d13      0%          3
d - Petrify               Tmut/Erth      66%        N/A       1%          4
e - Frozen Ramparts       Ice            42%        1d7       1%          3
f - Sticky Flame          Conj/Fire      47%        2d6       1%          4
g - Iron Shot             Conj/Erth      38%        9d8       1%          6
h - Eringya's Noxious Bo  Tmut/Pois      13%        N/A       41%         6
i - Lehudib's Crystal Sp  Conj/Erth      38%        10d10     1%          8
j - Shatter               Erth           43%        3d33*     3%          9

Your spell library contained the following spells:

 Spells                   Type           Power      Damage    Failure   Level
 Maxwell's Capacitive Co  Air            9%         ∞         100%        8
 Shock                    Conj/Air       100%       1d9       1%          1
 Wereblood                Tmut           34%        N/A       1%          2
 Ignite Poison            Fire/Tmut/Pois 24%        N/A       1%          3
 Inner Flame              Hex/Fire       19%        N/A       2%          3
 Ensorcelled Hibernation  Hex/Ice        40%        N/A       3%          2
 Airstrike                Air            9%         2d(2-18)  7%          4
 Swiftness                Air            19%        N/A       8%          3
 Summon Ice Beast         Ice/Summ       20%        N/A       24%         4
 Summon Mana Viper        Hex/Summ       19%        N/A       58%         5
 Monstrous Menagerie      Summ           9%         N/A       100%        7
 Summon Hydra             Summ           9%         N/A       100%        7
 Fire Storm               Conj/Fire      23%        8d6       100%        9
 Sublimation of Blood     Necr           Unusable   N/A       N/A         2

Dungeon Overview and Level Annotations

Branches:
Dungeon (1/1)

Altars:
Cheibriados
Dithmenos
Elyvilon
Fedhas
Gozag
Hepliaklqana
Kikubaaqudgha
Makhleb
Nemelex Xobeh
Okawaru
Qazlal
Ru
Sif Muna
Trog
Uskayaw
Vehumet
Wu Jian
Xom
Yredelemnul
Zin
The Shining One
Jiyva
Lugonu

Shops:
D *((:


Innate Abilities, Weirdness & Mutations

You are immune to sickness and miasma.
Your stone body is resilient. (AC +9)
You are immune to poison.
You resist negative energy. (rN+)
You are resistant to electric shocks. (rElec)
You are resistant to unholy torment.
You are immune to petrification.


Message History

Vehumet accepts your kill.
You feel your power returning.
The jorogumo is severely wounded.
The steelbarb worm is heavily wounded.
Ka-crash!
You hear a skittering sound.
You feel you are being watched by something.
You feel your power leaking away.
A wolf spider comes into view.
The sun moth bites you!
A ghost moth comes into view.
Unknown command.
Unknown command.
Unknown command.
Casting: Shatter (quite dangerous; 3% risk of failure)
Confirm with . or Enter, or press ? or * to list all spells.
Aiming: Iron Shot (safe; 1% risk of failure)
Press: ? - help, Shift-Dir - straight line, f - ghost moth, p - sun moth
Aim: a ghost moth (lightly wounded, slightly transparent, haloed, 83% to hit)
Okay, then.
Aiming: Phantom Mirror
Press: ? - help, Dir - move target, f - ghost moth, p - sun moth
Aim: a ghost moth (lightly wounded, slightly transparent, haloed)
You reflect the ghost moth with the mirror!
The mirror clouds!
The sun moth completely misses you.
The jorogumo closely misses your ghost moth.
Your ghost moth stares at the jorogumo.
The jorogumo's magic leaks into the air.
Your ghost moth hits the jorogumo!
Your ghost moth hits the jorogumo.
Your ghost moth misses the jorogumo.
Unknown command.
Casting: Iron Shot (safe; 1% risk of failure)
Confirm with . or Enter, or press ? or * to list all spells.
Aiming: Sandblast (safe; 0% risk of failure)
Press: ? - help, Shift-Dir - straight line, f/p - ghost moth
Aim: a ghost moth (lightly wounded, slightly transparent, haloed, 88% to hit)
The blast of sand hits the sun moth!
The sun moth is almost dead.
The sun moth throws energy at you. The bolt of energy hits you!!!
You die...

))).)....'.))..)......'.)...∩.∩.∩
▓▓▓▓▓▓▓▓▓▓▓▓▓▓▓▓▓▓▓▓▓▓▓▓▓▓▓▓▓▓▓▓▓
.................................
▓▓▓▓▓▓▓▓▓▓▓▓▓▓▓▓▓▓▓▓▓▓▓▓▓▓▓▓▓▓▓▓▓
))))).[[[[[[[[..........')......)
▓▓▓▓▓▓▓▓▓▓▓▓▓▓▓▓▓▓▓▓▓▓▓▓▓▓▓▓▓▓▓▓▓
....)............................
▓▓▓▓▓▓▓▓▓▓▓▓▓▓▓▓▓▓▓▓▓▓▓▓▓▓▓♣♣♣♣♣♣
.......†).))))))@yyyHws.
▓▓▓▓▓▓▓▓▓▓▓▓▓▓▓▓▓▓▓▓▓▓▓▓


You could see a jorogumo (ally target, magic disrupted), a sun moth, a ghost
moth (invisible), a steelbarb worm, a wolf spider and a friendly ghost moth
(summoned, invisible, drained).

Vanquished Creatures
  Aizul (D)
  A stone giant (D)
  A merfolk impaler (D)
  A merfolk javelineer (D)
  A hydra (D)
  A spriggan air mage (D)
  A rakshasa (D)
  An ice dragon (D)
  An ogre mage (D)
  A centaur warrior (D)
  A tengu warrior (D)
  6 orc high priests (D)
  A deep troll shaman (D)
  Urug (D)
  2 naga sharpshooters (D)
  A hell knight (D)
  A sea snake (D)
  A wizard (D)
  9 orc knights (D)
  2 lindwurms (D)
  A necromancer (D)
  3 deep elf pyromancers (D)
  An orc sorcerer (D)
  A manticore (D)
  A salamander (D)
  A wolf spider (D)
  An elephant (D)
  2 black mambas (D)
  A cyclops (D)
  A guardian serpent (D)
  3 naga magi (D)
  A water nymph (D)
  A gargoyle (D)
  3 cane toads (D)
  2 komodo dragons (D)
  A rime drake (D)
  A tengu conjurer (D)
  A yaktaur (D)
  5 merfolk (D)
  2 trolls (D)
  A blink frog (D)
  2 wyverns (D)
  3 yaks (D)
  Eustachio (D)
  A basilisk (D)
  A redback (D)
  A vampire mosquito (D)
  A naga (D)
  3 water moccasins (D)
  7 orc warriors (D)
  2 bullfrogs (D)
  A killer bee (D)
  A hound (D)
  5 orc priests (D)
  An iguana (D)
  5 orc wizards (D)
  2 adders (D)
  6 worms (D)
  A dart slug (D)
  7 orcs (D)
  An endoplasm (D)
  A hobgoblin (D)
  A kobold (D)
  A rat (D)
124 creatures vanquished.

Notes
Turn   | Place    | Note
-------+----------+-------------------------------------------
     0 | D        | mhtbhm the Gargoyle Earth Elementalist began the quest for
                  | the Orb.
     0 | D        | Reached XP level 1. HP: 10/10 MP: 3/3
     5 | D        | Reached skill level 4 in Earth Magic
     7 | D        | Reached skill level 1 in Transmutations
    13 | D        | Reached XP level 2. HP: 15/15 MP: 0/6
    64 | D        | Learned a level 2 spell: Passwall
    72 | D        | Reached skill level 5 in Earth Magic
    78 | D        | Reached skill level 6 in Earth Magic
    78 | D        | Reached XP level 3. HP: 17/20 MP: 6/8
    79 | D        | Reached skill level 1 in Unarmed Combat
    79 | D        | Reached skill level 7 in Earth Magic
    79 | D        | Reached XP level 4. HP: 21/24 MP: 6/10
   229 | D        | Learned a level 3 spell: Stone Arrow
   234 | D        | Learned a level 4 spell: Petrify
   237 | D        | Found a snail-covered altar of Cheibriados.
   237 | D        | Found a shadowy altar of Dithmenos.
   237 | D        | Found a white marble altar of Elyvilon.
   237 | D        | Found a blossoming altar of Fedhas.
   237 | D        | Found an opulent altar of Gozag.
   238 | D        | Found a hazy altar of Hepliaklqana.
   239 | D        | Found a viscous altar of Jiyva.
   240 | D        | Found an ancient bone altar of Kikubaaqudgha.
   241 | D        | Found a corrupted altar of Lugonu.
   242 | D        | Found a burning altar of Makhleb.
   243 | D        | Found a sparkling altar of Nemelex Xobeh.
   244 | D        | Found an iron altar of Okawaru.
   245 | D        | Found a stormy altar of Qazlal.
   246 | D        | Found a sacrificial altar of Ru.
   247 | D        | Found a shimmering blue altar of Sif Muna.
   248 | D        | Found a bloodstained altar of Trog.
   249 | D        | Found a hide-covered altar of Uskayaw.
   250 | D        | Found a radiant altar of Vehumet.
   251 | D        | Found an ornate altar of the Wu Jian Council.
   252 | D        | Found a shimmering altar of Xom.
   253 | D        | Found a basalt altar of Yredelemnul.
   254 | D        | Found a glowing silver altar of Zin.
   255 | D        | Found a glowing golden altar of the Shining One.
   258 | D        | Became a worshipper of Vehumet
   296 | D        | Noticed a yak
   296 | D        | Noticed an orc warrior
   296 | D        | Noticed a troll
   296 | D        | Noticed a troll
   296 | D        | Noticed a gargoyle
   299 | D        | Reached skill level 1 in Fighting
   299 | D        | Reached skill level 5 in Spellcasting
   299 | D        | Reached skill level 8 in Earth Magic
   299 | D        | Reached XP level 5. HP: 29/29 MP: 10/12
   299 | D        | Killed a yak
   299 | D        | Killed an orc warrior
   299 | D        | Reached * piety under Vehumet
   299 | D        | Offered knowledge of Kiss of Death by Vehumet.
   299 | D        | Killed a troll
   299 | D        | Killed a troll
   299 | D        | Killed a gargoyle
   299 | D        | Reached ** piety under Vehumet
   300 | D        | Reached skill level 5 in Dodging
   300 | D        | Reached skill level 5 in Stealth
   300 | D        | Reached skill level 13 in Earth Magic
   300 | D        | Reached XP level 6. HP: 37/37 MP: 13/18
   300 | D        | Reached XP level 7. HP: 41/41 MP: 13/19
   300 | D        | Reached XP level 8. HP: 46/46 MP: 14/21
   347 | D        | Noticed a manticore
   347 | D        | Noticed a deep elf pyromancer
   347 | D        | Noticed a tengu conjurer
   347 | D        | Noticed a cyclops
   347 | D        | Noticed a centaur warrior
   347 | D        | Noticed a deep elf pyromancer
   350 | D        | Killed a tengu conjurer
   351 | D        | Reached skill level 14 in Earth Magic
   351 | D        | Killed a deep elf pyromancer
   351 | D        | Killed a deep elf pyromancer
   352 | D        | Reached skill level 10 in Spellcasting
   352 | D        | Reached skill level 15 in Earth Magic
   352 | D        | Reached XP level 9. HP: 30/52 MP: 21/23
   352 | D        | Killed a manticore
   352 | D        | Reached *** piety under Vehumet
   352 | D        | Killed a cyclops
   352 | D        | Killed a centaur warrior
   353 | D        | Reached skill level 5 in Fighting
   353 | D        | Reached skill level 16 in Earth Magic
   353 | D        | Reached XP level 10. HP: 34/59 MP: 23/25
   553 | D        | Noticed a black mamba
   553 | D        | Noticed a cane toad
   556 | D        | Killed a black mamba
   556 | D        | Offered knowledge of Magic Dart by Vehumet.
   556 | D        | Reached **** piety under Vehumet
   557 | D        | Reached skill level 17 in Earth Magic
   560 | D        | Reached skill level 5 in Unarmed Combat
   570 | D        | Killed a cane toad
   570 | D        | Reached ***** piety under Vehumet
   897 | D        | Offered knowledge of Frozen Ramparts by Vehumet.
   902 | D        | Learned a level 3 spell: Frozen Ramparts
   907 | D        | Offered knowledge of Sticky Flame by Vehumet.
   913 | D        | Learned a level 4 spell: Sticky Flame
   927 | D        | Offered knowledge of Yara's Violent Unravelling by Vehumet.
  1026 | D        | Noticed a cane toad
  1026 | D        | Noticed a cane toad
  1030 | D        | Killed a cane toad
  1031 | D        | Reached skill level 18 in Earth Magic
  1034 | D        | Noticed an elephant
  1259 | D        | Offered knowledge of Ozocubu's Refrigeration by Vehumet.
  1264 | D        | Killed a cane toad
  1411 | D        | Reached skill level 1 in Conjurations
  1499 | D        | Killed an elephant
  1500 | D        | Reached XP level 11. HP: 63/66 MP: 16/28
  1747 | D        | Noticed a lindwurm
  1747 | D        | Noticed a lindwurm
  1751 | D        | Killed a lindwurm
  1752 | D        | Reached skill level 19 in Earth Magic
  1753 | D        | Offered knowledge of Iron Shot by Vehumet.
  1762 | D        | Learned a level 6 spell: Iron Shot
  1792 | D        | Killed a lindwurm
  1793 | D        | Reached ****** piety under Vehumet
  2071 | D        | Offered knowledge of Spellforged Servitor by Vehumet.
  2160 | D        | Noticed an orc high priest
  2162 | D        | Noticed a sixfirhy
  2286 | D        | Killed an orc high priest
  2317 | D        | Noticed an orc knight
  2363 | D        | Killed an orc knight
  2364 | D        | Reached skill level 5 in Conjurations
  2499 | D        | Noticed an orc sorcerer
  2508 | D        | Killed an orc sorcerer
  2508 | D        | Offered knowledge of Iskenderun's Battlesphere by Vehumet.
  2509 | D        | Reached skill level 20 in Earth Magic
  2512 | D        | Reached skill level 15 in Spellcasting
  2739 | D        | Found Iczamuc's General Store.
  2739 | D        | Noticed an orc knight
  2739 | D        | Noticed an orc high priest
  2739 | D        | Noticed an orc knight
  2739 | D        | Noticed an orc knight
  2739 | D        | Noticed an orc high priest
  2740 | D        | Noticed an orc knight
  2742 | D        | Noticed an orc knight
  2852 | D        | Killed an orc knight
  2951 | D        | Killed an orc high priest
  2993 | D        | Killed an orc knight
  3124 | D        | Killed an orc knight
  3124 | D        | Offered knowledge of Eringya's Noxious Bog by Vehumet.
  3237 | D        | Killed an orc knight
  3384 | D        | Killed an orc high priest
  3385 | D        | Reached XP level 12. HP: 61/71 MP: 18/31
  3387 | D        | Reached skill level 21 in Earth Magic
  3463 | D        | Found Fahodd's Weapon Shoppe.
  3474 | D        | Found Bes Luag's Antique Weapon Emporium.
  3732 | D        | Found Houvy's Book Shoppe.
  3741 | D        | Learned a level 6 spell: Eringya's Noxious Bog
  3750 | D        | Noticed an orc high priest
  3751 | D        | Noticed an orc high priest
  3891 | D        | Killed an orc high priest
  3935 | D        | Killed an orc high priest
  4071 | D        | Offered knowledge of Freezing Cloud by Vehumet.
  4146 | D        | Noticed an orc high priest
  4152 | D        | Killed an orc high priest
  4275 | D        | Bought the Reference Book on Incandescence for 396 gold
                  | pieces
  4275 | D        | Bought 2 potions of curing for 66 gold pieces
  4275 | D        | Bought a phantom mirror for 440 gold pieces
  4275 | D        | Bought a scroll of identify for 22 gold pieces
  4281 | D        | Bought a book of Beasts for 418 gold pieces
  4281 | D        | Bought a book of Burglary for 220 gold pieces
  4281 | D        | Bought a book of Air for 242 gold pieces
  4342 | D        | Noticed Urug
  4348 | D        | Killed Urug
  4503 | D        | Noticed a four-headed hydra
  4503 | D        | Noticed a rakshasa
  4503 | D        | Noticed an ogre mage
  4506 | D        | Killed a four-headed hydra
  4507 | D        | Reached skill level 10 in Conjurations
  4508 | D        | Killed a rakshasa
  4668 | D        | Reached skill level 22 in Earth Magic
  4834 | D        | Killed an ogre mage
  4834 | D        | Offered knowledge of Conjure Ball Lightning by Vehumet.
  5009 | D        | Noticed a tengu warrior
  5010 | D        | Noticed a hell knight
  5010 | D        | Noticed a spriggan air mage
  5013 | D        | Killed a hell knight
  5017 | D        | Killed a tengu warrior
  5021 | D        | Killed a spriggan air mage
  5103 | D        | Noticed a stone giant
  5128 | D        | Killed a stone giant
  5129 | D        | Reached XP level 13. HP: 34/76 MP: 15/34
  5309 | D        | Noticed an ice dragon
  5315 | D        | Killed an ice dragon
  5316 | D        | Reached skill level 23 in Earth Magic
  5441 | D        | Noticed Aizul
  5450 | D        | Killed Aizul
  5454 | D        | Noticed Eustachio
  5572 | D        | Killed Eustachio
  5732 | D        | Noticed a merfolk javelineer
  5734 | D        | Offered knowledge of Lehudib's Crystal Spear by Vehumet.
  5734 | D        | Offered knowledge of Shatter by Vehumet.
  5734 | D        | Offered knowledge of Maxwell's Capacitive Coupling by
                  | Vehumet.
  6033 | D        | Killed a merfolk javelineer
  6034 | D        | Reached skill level 1 in Maces & Flails
  6135 | D        | Learned a level 8 spell: Lehudib's Crystal Spear
  6145 | D        | Learned a level 9 spell: Shatter
  6162 | D        | Noticed a merfolk impaler
  6165 | D        | Killed a merfolk impaler
  6314 | D        | Reached skill level 24 in Earth Magic
  6401 | D        | Noticed a ghost moth
  6403 | D        | Blown up by a sun moth

Illustrated notes

Levels and vault maps discovered:
D:        linesprint [early_d, line_temple, items_1, d_10, items_2, lair_1,
          lair_end, items_3, orc_1, orc_end, items_4, d_15, swamp_1, shoals_1,
          snake_1, spider_1, d_20, vaults_1, items_5, swamp_end, shoals_end,
          snake_end, spider_end, vaults_end, d_27, items_6, zot_1, zot_end,
          crypt_end, forest_end, elf_end, slime_end, tomb_end, abyss_end,
          pan_hell_end]

Skill      XL: |  1  2  3  4  5  6  7  8  9 10 11 12 13 |
---------------+----------------------------------------+-----
Earth Magic    | 4 6 7 8 13 15 16 18 20 22 24 | 24.2
Transmutations | 1 2 3 |  3.6
Spellcasting   | 3 4 5 9 10 11 13 15 17 19 | 19.4
Dodging        | 2 5 6 7 8 |  8.9
Stealth        | 3 5 6 7 8 |  8.6
Unarmed Combat | 1 3 4 5 |  5.0
Fighting       | 1 3 4 5 6 7 |  7.6
Evocations     | 2 3 4 |  4.9
Conjurations   | 2 7 11 14 | 14.1
Maces & Flails | 1 |  1.3
Ice Magic      | |  0.4

Action                   |  1- 3 |  4- 6 |  7- 9 | 10-12 | 13-15 || total
-------------------------+-------+-------+-------+-------+-------++-------
Melee: Unarmed           |     5 |       |       |       |       ||     5
       Morningstar       |       |       |       |       |     1 ||     1
 Cast: Sandblast         |    11 |     3 |       |    49 |     1 ||    64
       Stone Arrow       |       |       |     1 |   112 |       ||   113
       Petrify           |       |       |       |     8 |       ||     8
       Iron Shot         |       |       |       |    51 |    44 ||    95
       Frozen Ramparts   |       |       |       |     1 |       ||     1
       Shatter           |       |       |       |       |     4 ||     4
       Sticky Flame      |       |       |       |       |     1 ||     1
Evoke: Wand              |       |     3 |     4 |     1 |       ||     8
       Phantom mirror    |       |       |       |       |     2 ||     2
  Use: Potion            |     2 |       |       |     2 |     1 ||     5
       Scroll            |       |       |       |     1 |       ||     1
 Stab: Distracted        |       |       |       |       |     1 ||     1
Armor: Robe              |     7 |       |     1 |    22 |     5 ||    35
Dodge: Dodged            |     5 |     3 |     4 |    75 |    18 ||   105

Table legend: (Time is in decaauts)
 A = Elapsed time spent in this place.
 B = Non-inter-level travel time spent in this place.
 C = Inter-level travel time spent in this place.
 D = Time resting spent in this place.
 E = Time spent auto-exploring this place.
 F = Levels seen in this place.
 G = Mean time per level.
                   A        B        C        D        E       F      G
               +--------+--------+--------+--------+--------+-----+--------+
         Total |   6427 |   6427 |      0 |   3665 |   1344 |   1 | 6427.0 |
       Dungeon |   6427 |   6427 |      0 |   3665 |   1344 |   1 | 6427.0 |
               +--------+--------+--------+--------+--------+-----+--------+

Top non-repeatable levels by time:
       D: 6427 daAuts
